 Dungeon Crawl Stone Soup version 0.31-a0-460-g9e667d4245 (webtiles) character file.

Game seed: 4572496355800641568

4 AiryTheDragon the Ducker (level 1, 0/16 HPs)
             Began as a Demonspawn Gladiator on Aug 5, 2023.
             Slain by a rat (3 damage)
             ... on level 1 of the Dungeon.
             The game lasted 00:01:25 (59 turns).

AiryTheDragon the Ducker (Demonspawn Gladiator)       Turns: 59, Time: 00:01:25

Health: 0/16       AC:  4    Str: 14    XL:     1   Next: 50%
Magic:  1/1        EV: 12    Int:  9    God:
Gold:   0          SH:  5    Dex: 14    Spells: 0/0 levels left

rFire   . . .        a - +0 trident
rCold   . . .        (no shield)
rNeg    . . .        b - +0 leather armour
rPois   .            c - +0 helmet
rElec   .            (no cloak)
rCorr   .            (no gloves)
SInv    .            (no boots)
Will    .....        f - amulet of reflection
Stlth   +            (no ring)
HPRegen 0.22/turn    (no ring)
MPRegen 0.07/turn

%: reflection
@: no status effects
A: no striking features
a: no special abilities


You were on level 1 of the Dungeon.
You visited 1 branch of the dungeon, and saw 1 of its levels.

Inventory:

Hand Weapons
 a - a +0 trident (weapon)
Missiles
 d - 3 throwing nets (quivered)
 e - a javelin
Armour
 b - a +0 leather armour (worn)
 c - a +0 helmet (worn)
Jewellery
 f - an amulet of reflection (around neck)


   Skills:
 + Level 2.1 Fighting
 + Level 2.6 Polearms
 + Level 1.7 Throwing
 + Level 0.3 Armour
 + Level 2.7 Dodging
 + Level 0.1 Shields


You couldn't memorise any spells.
You didn't know any spells.
Your spell library was empty.

Dungeon Overview and Level Annotations

Branches:
Dungeon (1/15)

Altars:


Message History

You closely miss the kobold. You block the kobold's attack.
The kobold closely misses you.
You barely miss the kobold. The kobold hits you but does no damage.
The rat barely misses you. The kobold barely misses you.
You hit the rat but do no damage.
The kobold hits you with a +0 short sword.
The rat bites you.
The kobold hits you with a +0 short sword.
The rat misses you. The kobold closely misses you.
The kobold hits you but does no damage. The rat attacks as you move away!
The rat bites you but does no damage. The rat attacks as you move away!
The rat bites you but does no damage.
Found a hand axe.
The endoplasm hits you but does no damage.
You hit the endoplasm.
The endoplasm is almost dead.
The rat closely misses you. The endoplasm freezes you.
You are frozen.
* * * LOW HITPOINT WARNING * * *
You hit the endoplasm.
You kill the endoplasm!
The rat bites you.
* * * LOW HITPOINT WARNING * * *
You aren't carrying any potions.
You hit the kobold.
The kobold is moderately wounded.
The kobold closely misses you. The rat bites you but does no damage.
You hit the kobold.
You kill the kobold!
The rat bites you.
* * * LOW HITPOINT WARNING * * *
You closely miss the ball python.
The ball python bites you but does no damage.
You block the ball python's attack. The rat closely misses you.
You block the ball python's attack. The ball python misses you.
You hit the ball python.
You kill the ball python!
The rat bites you.
You die...

## ## .... . ##.
.###..... .. ##
.. ..) ....
##.#.#
.#.###....
##.....##.##...#
.......@K.†...#
####.###r.>†..#
.##......#
#.........#
#.........#
#..$.#.##.###
#....#+##...##
#..####.####..#
..##..#.#..##.##


You could see a kobold and a rat.

Vanquished Creatures
  An endoplasm (D:1)
  A giant cockroach (D:1)
  A ball python (D:1)
  A frilled lizard (D:1)
  A kobold (D:1)
5 creatures vanquished.

Notes
Turn   | Place    | Note
-------+----------+-------------------------------------------
     0 | D:1      | AiryTheDragon the Demonspawn Gladiator began the quest for
                  | the Orb.
     0 | D:1      | Reached XP level 1. HP: 16/16 MP: 1/1
    59 | D:1      | Slain by a rat

Illustrated notes

Levels and vault maps discovered:
D:1:      nzn_arrival_crosshair, layout_basic, minmay_ruptured

Action                     || total
---------------------------++-------
  Melee: Trident           ||    17
 Armour: Leather armour    ||     8
  Dodge: Dodged            ||    15
  Block: Other             ||     4

Table legend: (Time is in decaauts)
 A = Elapsed time spent in this place.
 B = Non-inter-level travel time spent in this place.
 C = Inter-level travel time spent in this place.
 D = Time resting spent in this place.
 E = Time spent auto-exploring this place.
 F = Levels seen in this place.
 G = Mean time per level.
                   A        B        C        D        E       F      G
               +--------+--------+--------+--------+--------+-----+--------+
         Total |     61 |     55 |      6 |      0 |     23 |   1 |   61.0 |
       Dungeon |     61 |     55 |      6 |      0 |     23 |   1 |   61.0 |
               +--------+--------+--------+--------+--------+-----+--------+

Top non-repeatable levels by time:
     D:1: 61 daAuts
